 Dungeon Crawl Stone Soup version 0.18.1-48-g4cf74bf (webtiles) character file.

133 simples the Grave Robber (level 4, -2/30 HPs)
             Began as a Mummy Necromancer on Aug 25, 2016.
             Killed from afar by Ijyb (12 damage)
             ... with a wand of flame
             ... on level 3 of the Dungeon.
             The game lasted 00:05:51 (4759 turns).

simples the Grave Robber (Mummy Necromancer)        Turns: 4759, Time: 00:05:52

Health: -2/30      AC:  4    Str: 11    XL:     4   Next: 94%
Magic:  3/8        EV: 12    Int: 15    God:
Gold:   117        SH:  0    Dex: 12    Spells: 1 memorised, 7 levels left

rFire  x . .     SeeInvis .     e - +0 mace
rCold  + . .     Gourm    .     a - +0 robe
rNeg   + + +     Faith    .     (no shield)
rPois  ∞         Spirit   .     (no helmet)
rElec  .         Dismiss  .     d - +1 cloak
rCorr  .         Reflect  .     (no gloves)
SustAt .         Harm     .     (no boots)
MR     .....                    (no amulet)
Stlth  ++........               (no ring)
                                (no ring)

@: not resistant to hostile enchantments, unstealthy
A: no food or potions, fire vulnerability, cold resistance 1, negative energy
resistance 3, torment resistance, unbreathing
a: no special abilities


You were on level 3 of the Dungeon.
You were not hungry.

You visited 1 branch of the dungeon, and saw 3 of its levels.

You collected 117 gold pieces.

Inventory:

Hand Weapons
 e - a +0 mace (weapon)
Armour
 a - a +0 robe (worn)
 d - a +1 cloak (worn)
Jewellery
 i - an uncursed ring of resist corrosion {unknown}
 n - an uncursed ring of stealth {unknown}
Scrolls
 c - 2 scrolls of enchant armour {unknown}
 f - 3 scrolls of remove curse {unknown}
 g - 4 scrolls of identify {unknown}
 h - a scroll of recharging {unknown}
 j - a scroll of fog {unknown}
 k - 2 scrolls of teleportation {unknown}
 l - a scroll of random uselessness {unknown}
 m - a scroll of fear {unknown}
 o - a scroll of blinking {unknown}
 p - a scroll of amnesia {unknown}
Books
 b - a book of Necromancy

   Spells                             Type                      Level
   a - Pain                           Necromancy                   1
   b - Animate Skeleton               Necromancy                   1
   c - Vampiric Draining              Necromancy                   3
   d - Regeneration                   Charms/Necromancy            3
   e - Animate Dead                   Necromancy                   4
   f - Control Undead                 Necromancy                   4


   Skills:
 + Level 2.4 Dodging
 - Level 2.2 Stealth
 + Level 2.7 Spellcasting
 * Level 5.0 Necromancy


You had 7 spell levels left.
You knew the following spells:

 Your Spells              Type           Power        Failure   Level  Hunger
a - Pain                  Necr           ###.         2%          1    N/A

Dungeon Overview and Level Annotations

Branches:
Dungeon (3/15)

Altars:
Elyvilon

Annotations:
D:3 Ijyb


Innate Abilities, Weirdness & Mutations

You do not eat or drink.
Your flesh is vulnerable to fire.
You are immune to poison.
Your flesh is cold resistant.
You are immune to negative energy.
You are immune to unholy pain and torment.
You can survive without breathing.


Message History

Casting: Pain
Confirm with . or Enter, or press ? or * to list all spells.
Aiming: Pain
Press: ? - help, Shift-Dir - straight line, f/p - Ijyb
Aim: Ijyb, wielding a club and carrying a wand of flame {zapped: 2} (moderately wounded, chance to defeat MR: 82%) Ijyb convulses in agony!
Ijyb barely misses you.
Casting: Pain
Confirm with . or Enter, or press ? or * to list all spells.
Aiming: Pain
Press: ? - help, Shift-Dir - straight line, f/p - Ijyb
Aim: Ijyb, wielding a club and carrying a wand of flame {zapped: 2} (moderately wounded, chance to defeat MR: 82%) Ijyb convulses in agony!
Casting: Pain
Confirm with . or Enter, or press ? or * to list all spells.
Aiming: Pain
Press: ? - help, Shift-Dir - straight line, f/p - Ijyb
Aim: Ijyb, wielding a club and carrying a wand of flame {zapped: 2} (moderately wounded, chance to defeat MR: 82%) Ijyb convulses in agony!
Ijyb zaps a wand.
The puff of flame hits you! The fire burns you terribly!
You die...

##+#..# #...# #.# ##.....#
#...# #.# ##......+ #...#
#.# ##.......# #...## #..
#........#####..>.########.#
+...........................
#................)#########.
#.......##g#....## #.
##.....###@.....# #. ##...##
###.#### #% ##'## #.# #. #.
#.# #. #. #.# #. #. #.# #.
.. #. g. #. .. ##


You could see Ijyb.

Vanquished Creatures
  Natasha (D:2)
  2 adders
  An ooze (D:2)
  3 worms
  A dart slug (D:2)
  2 giant geckos
  7 giant cockroaches
  7 goblins
  6 hobgoblins
  11 jackals
  2 quokkas
  A ball python (D:1)
  11 bats
  2 giant newts (D:1)
  7 kobolds
  7 rats
71 creatures vanquished.

Notes
Turn   | Place    | Note
--------------------------------------------------------------
     0 | D:1      | simples the Mummy Necromancer began the quest for the Orb.
     0 | D:1      | Reached XP level 1. HP: 13/13 MP: 3/3
   232 | D:1      | Reached XP level 2. HP: 12/19 MP: 1/5
  2128 | D:1      | Reached XP level 3. HP: 24/24 MP: 2/6
  2489 | D:2      | Found a white marble altar of Elyvilon.
  3456 | D:2      | Reached XP level 4. HP: 19/30 MP: 0/7
  3481 | D:2      | Noticed Natasha
  3700 | D:2      | Killed Natasha
  4497 | D:3      | Reached skill level 5 in Necromancy
  4743 | D:3      | Noticed Ijyb
  4759 | D:3      | Killed from afar by Ijyb

Skill      XL: |  1  2  3  4 |
---------------+-------------+-----
Dodging        | 2 |  2.4
Stealth        | 2 |  2.2
Necromancy     | 5 |  5.0
Spellcasting   | |  2.7

Action                   |  1- 3 |  4- 6 || total
-------------------------+-------+-------++-------
Melee: Unarmed           |     7 |       ||     7
       Mace              |    13 |    13 ||    26
 Cast: Pain              |   103 |    44 ||   147
Armor: Robe              |    15 |    15 ||    30
Dodge: Dodged            |    32 |    43 ||    75
